Map: Prion Terraces

Players

Has

  • Race: Protoss Protoss

FireCake - Winner!

  • Race: Zerg Zerg

Event: 2016 WCS Winter Circuit Championship

VOD

Have the link to the VOD?

Description

Time

  • Played on: March 3, 2016, 10:22 a.m.
  • Length: 5:06

All games in this series

Show
View Real Time Build Order
Export as new Build Order

Has Protoss 

Build Orders: Mass Adepts 

Get SALT Encoding   

  12  0:01  Probe (Chrono Boost)  
  13  0:11  Probe (Chrono Boost)  
  14  0:18  Pylon  
  14  0:22  Probe (Chrono Boost)  
  15  0:36  Probe (Chrono Boost)  
  15  0:37  Gateway  
  16  0:46  Probe (Chrono Boost), Assimilator  
  18  0:57  Probe (Chrono Boost)  
  18  1:01  Gateway  
  18  1:07  Probe (Chrono Boost)  
  19  1:18  Probe (Chrono Boost)  
  20  1:24  Cybernetics Core  
  20  1:28  Probe (Chrono Boost)  
  21  1:49  Nexus  
  21  1:53  Probe (Chrono Boost)  
  22  1:59  Pylon  
  22  2:03  Warp Gate (Chrono Boost)  
  22  2:05  Probe (Chrono Boost)  
  23  2:17  Adept x2  
  23  2:20  Probe (Chrono Boost)  
  28  2:25  Assimilator  
  28  2:32  Pylon  
  28  2:34  Probe (Chrono Boost)  
  29  2:45  Mothership Core (Chrono Boost)  
  31  3:03  Probe (Chrono Boost)  
  31  3:05  Gateway x2  
  32  3:07  Probe (Chrono Boost)  
  33  3:14  Probe (Chrono Boost)  
  33  3:18  Probe (Chrono Boost)  
  35  3:24  Probe (Chrono Boost)  
  36  3:28  Probe (Chrono Boost)  
  35  3:34  Probe (Chrono Boost)  
  35  3:39  Gateway  
  35  3:40  Adept x2  
  38  3:43  Probe  
  38  3:47  Pylon  
  39  4:00  Gateway  
  39  4:02  Pylon  
  39  4:03  Pylon  
  39  4:04  Adept x2  
  43  4:17  Probe, Adept x2  
  43  4:18  Probe  
  49  4:25  Adept x2  
  49  4:27  Probe  
  54  4:37  Adept x2  
  28  4:46  Adept x2  
Show
View Real Time Build Order
Export as new Build Order

FireCake Zerg - Winner!

Build Orders: Hatch First 

Get SALT Encoding   

  12  0:01  Drone  
  13  0:07  Drone  
  14  0:16  Overlord  
  14  0:22  Drone, Extractor  
  15  0:34  Drone x2  
  17  0:50  Hatchery  
  17  0:54  Drone  
  17  0:57  Drone  
  18  1:09  Extractor  
  17  1:11  Spawning Pool  
  17  1:15  Drone  
  18  1:18  Drone  
  18  1:27  Drone  
  19  1:37  Overlord  
  19  1:48  Drone  
  20  1:59  Drone  
  21  2:01  Queen  
  21  2:02  Queen  
  21  2:03  Zergling x2  
  26  2:08  Metabolic Boost  
  26  2:10  Drone  
  26  2:14  Drone  
  28  2:20  Overlord  
  28  2:37  Queen, Zergling x6  
  33  2:45  Pneumatized Carapace  
  33  2:48  Evolution Chamber  
  33  2:49  Zergling x4  
  34  3:02  Zergling x4  
  35  3:13  Zergling x10  
  35  3:14  Zergling x6  
  43  3:23  Overlord x2  
  43  3:33  Zergling x4  
  44  3:41  Overlord  
  44  3:45  Zergling x2  
  45  3:49  Zergling x6  
  47  4:01  Zergling x2  
  47  4:02  Zergling x6  
  51  4:05  Queen x2  
  55  4:10  Zergling x4  
  57  4:22  Zergling x4  
  57  4:23  Zergling x4  
  58  4:34  Zergling x4  
  54  4:40  Zergling x2  
  52  4:46  Zergling x2  
Tags
 
Add a new tag
Caveats
  • Supply blocks, unpowered buildings, or Contaminate may cause inaccurate times.
  • Supply counts are checked every 10 seconds.